 Dungeon Crawl Stone Soup version 0.30-a0-170-g85af917532 (webtiles) character file.

Game seed: 6328797268565923129

128 qw the Chopper (level 5, 0/32 HPs)
             Began as a Gargoyle Fighter on Sept 30, 2022.
             Slain by a jackal (2 damage)
             ... on level 3 of the Dungeon.
             The game lasted 00:00:43 (2380 turns).

qw the Chopper (Gargoyle Fighter)                   Turns: 2380, Time: 00:00:44

Health: 0/32       AC: 13    Str: 22    XL:     5   Next: 11%
Magic:  5/5        EV:  9    Int:  8    God:
Gold:   128        SH:  4    Dex:  9    Spells: 4/4 levels left

rFire   . . .      SeeInvis .    Y - +0 war axe
rCold   . . .      Faith    .    c - +0 buckler
rNeg    + . .      Spirit   .    b - +0 scale mail
rPois   inf        Reflect  .    (no helmet)
rElec   +          Harm     .    (no cloak)
rCorr   .          Rampage  .    (no gloves)
Will    .....                    e - +1 pair of boots
Stlth   ..........               (no amulet)
HPRegen 0.10/turn                (no ring)
MPRegen 0.09/turn                (no ring)

@: no status effects
A: sickness immunity, AC +4, negative energy resistance 1, electricity
resistance, torment resistance 1, petrification resistance
a: no special abilities


You were on level 3 of the Dungeon.
You visited 1 branch of the dungeon, and saw 3 of its levels.

You collected 128 gold pieces.


Innate Abilities, Weirdness & Mutations

You are immune to sickness and miasma.
Your stone body is resilient. (AC +4)
You are immune to poison.
You resist negative energy. (rN+)
You are resistant to electric shocks. (rElec)
You are resistant to unholy torment.
You are immune to petrification.


   Skills:
 - Level 3.2 Fighting
 + Level 4.4 Axes
 - Level 1.0 Throwing
 - Level 3.2 Armour
 - Level 3.2 Shields


You had 4 spell levels left.
You didn't know any spells.
Your spell library was empty.

Inventory:

Hand Weapons
 f - a +2 whip of electrocution
 Y - a +0 war axe (weapon)
Missiles
 a - 4 silver javelins (quivered)
 g - 6 javelins
 k - 4 boomerangs
Armour
 b - a +0 scale mail (worn)
 c - a +0 buckler (worn)
 e - a +1 pair of boots (worn)
Scrolls
 j - a scroll of identify
 m - a scroll of fear {unknown}
 n - a scroll of teleportation {unknown}
Potions
 d - a potion of might
 h - a potion of invisibility {unknown}
 i - a potion of resistance {unknown}
 l - a potion of lignification {unknown}

Dungeon Overview and Level Annotations

Branches:
Dungeon (3/15)

Altars:

Annotations:
D:2 1 runed translucent door, Crazy Yiuf


Message History

The orc wizard shouts!
You hear a bark!
Items here: %%% )) [.
You hit the orc wizard but do no damage.
The orc wizard points at you and mumbles some strange words.
You are confused.
The orc wizard closely misses you.
You hear a bark!
You bump into the rock wall.
The orc wizard hits you but does no damage.
You barely miss the orc wizard.
The orc wizard hits you but does no damage.
You bump into the rock wall.
The orc wizard barely misses you.
You hit the orc wizard.
The orc wizard is moderately wounded.
The orc wizard hits you but does no damage.
You barely miss the orc wizard.
The orc wizard is moderately wounded.
The orc wizard hits you with a +0 dagger.
The orc wizard hits you but does no damage.
You completely miss the orc wizard.
The orc wizard is moderately wounded.
You feel less confused.
The orc wizard hits you but does no damage.
You closely miss the orc wizard.
The orc wizard is moderately wounded.
The orc wizard hits you but does no damage.
You slash the orc wizard!
The orc wizard is severely wounded.
The orc wizard barely misses you.
The orc wizard gestures at you while chanting.
You resist with some effort.
You slash the orc wizard!
You kill the orc wizard!
You have reached level 5!
You hit the jackal.
The jackal is moderately wounded.
The jackal bites you but does no damage.
The jackal bites you.
You die...

#....# #.##.#
#.##.# #.##.####
########.#.....#
#........#####.#
#.######## #.#
#####.###
#####.#
.......>#
#.h@..#
###'#.#.#
#'#####
......#.# #.o
.....##.# #o.
.....'..# #.o
.....##.#


#ho .....##.# #.h .....)..# #.. ........# You could see a jackal.

Vanquished Creatures
  2 orc wizards (D:3)
  2 adders (D:2)
  2 dart slugs (D:1)
  2 orcs (D:3)
  8 endoplasms
  2 giant cockroaches
  4 goblins
  2 hobgoblins (D:1)
  6 jackals (D:3)
  5 quokkas
  3 ball pythons (D:1)
  A bat (D:2)
  3 frilled lizards
  6 kobolds
  A rat (D:2)
49 creatures vanquished.

Notes
Turn   | Place    | Note
-------+----------+-------------------------------------------
     0 | D:1      | qw the Gargoyle Fighter began the quest for the Orb.
     0 | D:1      | Reached XP level 1. HP: 14/14 MP: 1/1
     0 | D:1      | 0 ||| qw: Version: 0.2-a-12-gaebbb33
     0 | D:1      | 0 ||| qw: Game counter: 1565
     0 | D:1      | 0 ||| qw: Always use a shield: true
     0 | D:1      | 0 ||| qw: God list: Okawaru
     0 | D:1      | 0 ||| qw: Allow faded altars: false
     0 | D:1      | 0 ||| qw: Do Orc after D:15 true
     0 | D:1      | 0 ||| qw: Do second Lair branch before Depths: true
     0 | D:1      | 0 ||| qw: Lair rune preference: random
     0 | D:1      | 0 ||| qw: Plans: Normal, Zot:1-4, God:TSO, Crypt, Tomb,
                  | Pan, Slime:5, Hells, Abyss, Orb
     0 | D:1      | 0 ||| PLANNING D:1-11
   184 | D:1      | Reached skill level 2 in Axes
   478 | D:1      | Reached XP level 2. HP: 17/19 MP: 2/2
  1017 | D:1      | Reached skill level 3 in Axes
  1019 | D:1      | 1019 ||| UPGRADING to +1 pair of boots.
  1130 | D:1      | Reached XP level 3. HP: 23/23 MP: 3/3
  1234 | D:1      | 1234 ||| READING scroll labelled JEXEUDW KENGUSK.
  1235 | D:1      | 1235 ||| READING scroll labelled VOSAOH KUOSAG.
  1236 | D:1      | 1236 ||| READING scroll labelled LEUNOR ILLAK.
  1237 | D:1      | 1237 ||| READING scroll labelled POSMUE ISOU.
  1427 | D:2      | Reached skill level 1 in Throwing
  1828 | D:2      | Reached XP level 4. HP: 28/28 MP: 4/4
  1916 | D:2      | Found a runed translucent door.
  1917 | D:2      | Noticed Crazy Yiuf
  1920 | D:2      | 1920 ||| READING 3 scrolls labelled SADIXY HUER.
  1921 | D:2      | 1921 ||| READING scroll labelled BIURYB XUPLEU.
  1922 | D:2      | 1922 ||| READING 2 scrolls of identify.
  1922 | D:2      | 1922 ||| IDENTIFYING yellow potion
  1923 | D:2      | 1923 ||| DROPPING potion of brilliance.
  2249 | D:3      | 2249 ||| Stepping ~*~*~tactically~*~*~ (hiding).
  2331 | D:3      | 2331 ||| Stepping ~*~*~tactically~*~*~ (hiding).
  2338 | D:3      | 2338 ||| Stepping ~*~*~tactically~*~*~ (stealth).
  2358 | D:3      | HP: 6/28 [something/puff of flame (6)]
  2364 | D:3      | Reached skill level 4 in Axes
  2375 | D:3      | HP: 1/28 [orc wizard/+0 dagger (4)]
  2380 | D:3      | Reached XP level 5. HP: 2/32 MP: 5/5
  2380 | D:3      | Slain by a jackal

Levels and vault maps discovered:
D:1:      dpeg_arrival_three_smaller_balls, layout_loops_corners,
          due_unseen_surprise
D:2:      layout_loops_cross, uniq_crazy_yiuf_cottage
D:3:      layout_basic, serial_corexii_hall, corexii_hall_statues_x,
          chequers_hall_statues_y, chequers_hall_statues_corner_a,
          chequers_hall_statues_wall_a

Skill      XL: |  1  2  3  4 |
---------------+-------------+-----
Axes           | 2 3 4 |  4.4
Throwing       | 1 |  1.0
Fighting       | |  3.2
Armour         | |  3.2
Shields        | |  3.2

Action                   |  1- 3 |  4- 6 || total
-------------------------+-------+-------++-------
Melee: War axe           |    93 |    56 ||   149
Throw: Javelin           |    14 |    11 ||    25
  Use: Scroll            |     4 |     3 ||     7
Armor: Scale mail        |    54 |    33 ||    87
Dodge: Dodged            |    49 |    21 ||    70
Block: Buckler           |    14 |     5 ||    19

Table legend:
 A = Non-vault XP
 B = Vault XP
 C = Vault XP percentage of total XP
 D = Non-vault monster count
 E = Vault monster count
 F = Vault count percentage of total count
                 A         B        C        D         E       F
            +---------+---------+-------+---------+---------+-------
      Total |     183 |       0 |   0.0 |      49 |       0 |   0.0
            +---------+---------+-------+---------+---------+-------
        D:1 |      35 |       0 |   0.0 |      18 |       0 |   0.0
        D:2 |      50 |       0 |   0.0 |      16 |       0 |   0.0
        D:3 |      98 |       0 |   0.0 |      15 |       0 |   0.0
            +---------+---------+-------+---------+---------+-------
